Cogmind - Beta 14 @@@ ROGUE MODE // 2024.08.28 @ 03:22:57 Player: MOPO3 Result: Destroyed by 1P-F45(R) with Subdweller Laser Performance ------------- Evolutions (0) 0 Regions Visited (3) 600 Robots Destroyed (28) 140 Value Destroyed (699) 699 Prototype IDs (0) 0 Alien Tech Used (0) 0 Bonus (0) 0 TOTAL SCORE: 1439 Bonus ------- None Cogmind --------- Core Integrity 0/250 Matter 300/300 Energy 200/200 System Corruption 0% Temperature Cool (6) Movement Walking (190) Ox1 Location -10/Subcaves Parts ------- > --- POWER (1) -------- Subdweller Power Source > --- PROPULSION (2) --- Aluminum Leg Aluminum Leg > --- UTILITY (2) ------ Large Storage Unit Seismic Detector > --- WEAPON (2) ------- Grenade Launcher > --- INVENTORY (15) --- Ion Engine Subdweller Power Source Light Nuclear Core Aluminum Leg Aluminum Leg Large Matter Pod (150) Scrap Shield Shield Generator Shield Generator Subdweller Beam Cannon Light Assault Rifle Subdweller Machine Gun Peak State ------------ > --- POWER ------------ Ion Engine > --- PROPULSION ------- Aluminum Leg Aluminum Leg > --- UTILITY ---------- Large Storage Unit Seismic Detector > --- WEAPON ----------- Assault Rifle Light Assault Rifle > --- INVENTORY -------- Light Ion Engine Light Ion Engine Light Nuclear Core Aluminum Leg Aluminum Leg Aluminum Leg Aluminum Leg Large Matter Pod Scrap Shield Shield Generator Shield Generator Light Assault Rifle Grenade Launcher Grenade Launcher [Rating: 9] Favorites ----------- Power Ion Engine Engine Ion Engine Propulsion Aluminum Leg Leg Aluminum Leg Utility Seismic Detector Device Seismic Detector Storage Large Storage Unit Weapon Assault Rifle Energy Gun EM Pulse Gun Ballistic Gun Assault Rifle Launcher Grenade Launcher Build | -11 -10 -10 -10 ------- Run | Yrd Mat Min Sub Slots Evolved . | . . . . Power . | . . . . Propulsion . | . . . . Utility . | . . . . Weapon . | . . . . Parts Attached 24 | 8 1 9 6 Power 4 | 2 . 1 1 Engine 4 | 2 . 1 1 Core . | . . . . Reactor . | . . . . Propulsion 5 | 2 . 1 2 Treads . | . . . . Leg 5 | 2 . 1 2 Wheel . | . . . . Hover . | . . . . Flight . | . . . . Utility 4 | 2 1 1 . Device 1 | 1 . . . Storage 3 | 1 1 1 . Processor . | . . . . Hackware . | . . . . Protection . | . . . . Artifact . | . . . . Weapon 11 | 2 . 6 3 Energy Gun 3 | 1 . 2 . Energy Cannon . | . . . . Ballistic Gun 6 | 1 . 4 1 Ballistic Cannon . | . . . . Launcher 2 | . . . 2 Special Weapon . | . . . . Impact Weapon . | . . . . Slashing Weapon . | . . . . Piercing Weapon . | . . . . Special Melee Weapon . | . . . . Unidentified Prototypes . | . . . . Parts Lost 11 | . . 6 5 Power 1 | . . 1 . Propulsion 3 | . . 1 2 Utility . | . . . . Weapon 7 | . . 4 3 Highest Loss Streak 4 | . . 2 4 To Critical Strikes 2 | . . 1 1 Average Slot Usage (%) 97 | . 100 99 90 Engine 14 | . 14 14 14 Leg 27 | . 28 27 27 Device 14 | . 14 14 14 Storage 14 | . 14 14 14 Energy Gun 7 | . 14 7 . Ballistic Gun 16 | . 14 21 12 Launcher 1 | . . . 7 Peak Build Rating 9 | 7 8 8 9 Average Rating 7 | 5 7 7 8 On Entrance 5 | . 7 8 8 Naked Turns . | . . . . Heaviest Build 30 | 15 20 30 29 Greatest Support 20 | 20 20 20 20 Greatest Overweight (x) 8 | . . 1 8 Average Overweight (x) . | . . . 1 Largest Inventory Capacity 15 | 8 10 15 15 Average Capacity 13 | 7 9 14 15 Most Carried 15 | 5 10 15 15 Average Carried 11 | 2 7 12 13 Final Capacity 15 | 8 10 15 15 Final Carried 14 | 4 10 14 13 Class Distribution -------------------- 61% | Mutant 38% | Scavenger-Mutant Dominant Class ---------------- Mutant | -10/Materials Mutant | -10/Mines Scavenger-Mutant | -10/Subcaves Resources | -11 -10 -10 -10 ----------- Run | Yrd Mat Min Sub Matter Collected 860 | 316 40 379 125 Remotely . | . . . . Salvage Created 914 | 151 133 441 189 Parts 63 | 12 14 23 14 Haulers Intercepted . | . . . . Recyclers Shooed 1 | 1 . . . Parts Field Recycled . | . . . . Retrieved Matter . | . . . . Parts Self-Destructed 5 | . . . 5 Prevented . | . . . . Kills | -11 -10 -10 -10 ------- Run | Yrd Mat Min Sub Combat Hostiles Destroyed 22 | . 4 12 6 Guns 14 | . 4 10 . AOE 8 | . . 2 6 Classes Destroyed 7 | 2 4 . 1 Worker 1 | . 1 . . Builder 1 | . 1 . . Tunneler 3 | 3 . . . Recycler 1 | 1 . . . Swarmer 6 | . 3 3 . Grunt 10 | . 1 9 . Subdweller 6 | . . . 6 Best Kill Streak 6 | 4 3 3 6 Combat Bots Only 6 | . 3 3 6 Max Kills in Single Turn 2 | 1 1 2 2 Gunslinging . | . . . . Exploded 2 | . . 2 2 Melee . | . . . . Uniques/NPCs Destroyed . | . . . . Combat | -11 -10 -10 -10 -------- Run | Yrd Mat Min Sub Hostile Shots Fired 107 | . 13 67 27 Missed 22 | . 2 10 10 Damage Taken 1201 | . 100 683 418 Core 271 | . 8 122 141 Absorbed by Shields . | . . . . Core Remaining (%) 100 | 100 . . . Volleys Fired 70 | 12 10 43 5 Largest 2 | 2 2 2 2 Hottest 60 | 60 60 60 60 Shots Fired 140 | 24 20 86 10 Gun 132 | 24 20 86 2 Cannon . | . . . . Launcher 8 | . . . 8 Special . | . . . . Kinetic 103 | 12 10 79 2 Thermal . | . . . . Explosive 8 | . . . 8 Electromagnetic 29 | 12 10 7 . Robot Hit Streak 8 | 5 4 8 7 Robot Miss Streak 4 | 1 4 3 1 Penetration Max . | . . . . Secondary Targets 5 | . 1 4 . Max Gunslinging Chain 1 | . 1 1 . Shots Hit Robots 75 | 17 9 46 3 Core Hits 39 | 4 7 19 9 Critical Kills . | . . . . Critical Parts Destroyed . | . . . . Critical Strikes . | . . . . Melee Attacks . | . . . . Impact . | . . . . Slashing . | . . . . Piercing . | . . . . Sneak Attacks . | . . . . Combat Hostiles . | . . . . Follow-up Attacks . | . . . . Damage Inflicted 1459 | 215 128 566 550 Guns 845 | 215 125 492 13 Cannons . | . . . . Explosions 611 | . . 74 537 Melee . | . . . . Ramming 3 | . 3 . . Kinetic 573 | 95 37 428 13 Thermal 74 | . . 74 . Explosive 537 | . . . 537 Electromagnetic 272 | 120 88 64 . Impact . | . . . . Slashing . | . . . . Piercing . | . . . . Highest Corruption . | . . . . Average Corruption . | . . . . Corruption Purged . | . . . . Corruption Blocked . | . . . . Overload Shots . | . . . . Overflow Damage . | . . . . Projectiles . | . . . . Explosions . | . . . . Melee . | . . . . Knockbacks . | . . . . Impact . | . . . . Kinetic . | . . . . Secondary . | . . . . Self-Inflicted Damage 95 | . . 38 57 Shots 3 | . . 1 2 Rammed . | . . . . Targets Rammed 2 | . 2 . . Kicked 2 | . 2 . . Crushed . | . . . . Highest Temperature 70 | . 24 70 . Average Temperature 18 | . 16 19 . Received Heat Transfer 450 | . 30 330 90 Siege Activations . | . . . . Robots Corrupted . | . . . . Combat Hostiles . | . . . . Parts Fried . | . . . . Impact Corruptions . | . . . . Robots Melted . | . . . . Combat Hostiles . | . . . . Parts Melted . | . . . . Heat Transferred 100 | . . 100 . Parts Sabotaged . | . . . . Parts Stolen . | . . . . Parts Stripped . | . . . . Power Chain Reactions 1 | . . 1 . Alert | -11 -10 -10 -10 ------- Run | Yrd Mat Min Sub Peak Influence 170 | 20 128 170 . Initial 13 | . 13 . . Average 63 | 8 46 79 . Maximum Alert Level . | . . . . Low Security (%) 100 | 100 100 100 . Level 1 . | . . . . Level 2 . | . . . . Level 3 . | . . . . Level 4 . | . . . . Level 5 . | . . . . High Security . | . . . . Max Security . | . . . . Squads Dispatched 3 | . 3 . . Investigation . | . . . . Extermination . | . . . . Reinforcement 3 | . 3 . . Assault . | . . . . Garrison . | . . . . Intercept . | . . . . Searches Triggered . | . . . . Construction Impeded . | . . . . Haulers Reinforced . | . . . . Active Scanning Responses . | . . . . Cargo Convoy Interrupts . | . . . . Stealth | -11 -10 -10 -10 --------- Run | Yrd Mat Min Sub Distress Signals 1 | . 1 . . Communications Jammed . | . . . . Distress Signals . | . . . . Times Spotted 35 | . 6 14 15 Peak Tracking Total 8 | . 3 3 8 Tactical Retreats 4 | . . 3 1 Traps | -11 -10 -10 -10 ------- Run | Yrd Mat Min Sub Traps Triggered . | . . . . Indirectly . | . . . . Trap Hack Attempts . | . . . . Triggered . | . . . . Disarmed . | . . . . Reprogrammed . | . . . . Reused . | . . . . Traps Extracted . | . . . . Installed . | . . . . Triggered . | . . . . Machines | -11 -10 -10 -10 ---------- Run | Yrd Mat Min Sub Machines Disabled . | . . . . Max in Single Turn . | . . . . Machines Repaired . | . . . . Machines Dismantled . | . . . . Machines Sabotaged . | . . . . Overloaded Fab Kills . | . . . . Hacking | -11 -10 -10 -10 --------- Run | Yrd Mat Min Sub Machines Accessed 1 | . 1 . . Terminals 1 | . 1 . . Fabricators . | . . . . Repair Stations . | . . . . Recycling Units . | . . . . Scanalyzers . | . . . . Garrison Access . | . . . . Total Hacks 3 | . 3 . . Successful 1 | . 1 . . Failed 2 | . 2 . . Catastrophic 1 | . 1 . . Database Lockouts . | . . . . Manual 2 | . 2 . . Terminals 3 | . 3 . . Fabricators . | . . . . Repair Stations . | . . . . Recycling Units . | . . . . Scanalyzers . | . . . . Garrison Access . | . . . . Terminal Hacks 1 | . 1 . . Zone Layout 1 | . 1 . . Fabricator Hacks . | . . . . Repair Station Hacks . | . . . . Recycling Unit Hacks . | . . . . Scanalyzer . | . . . . Garrison Access Hacks . | . . . . Unauthorized Hacks . | . . . . Terminals . | . . . . Fabricators . | . . . . Repair Stations . | . . . . Recycling Units . | . . . . Scanalyzers . | . . . . Garrison Access . | . . . . Data Cores Recovered . | . . . . Used . | . . . . Hacking Detections 1 | . 1 . . Full Trace Events . | . . . . Feedback Events . | . . . . Feedback Blocked . | . . . . Robot Schematics Acquired . | . . . . Robots Built . | . . . . Authchips . | . . . . Time . | . . . . Total Robot Build Rating . | . . . . Part Schematics Acquired . | . . . . Parts Built . | . . . . Authchips . | . . . . Time . | . . . . Total Part Build Rating . | . . . . Parts Repaired . | . . . . Time . | . . . . Parts Recycled . | . . . . Recycled Matter . | . . . . Retrieved Matter . | . . . . Retrieved Components . | . . . . Parts Scanalyzed . | . . . . Part Schematics Acquired . | . . . . Parts Damaged . | . . . . Bothacking | -11 -10 -10 -10 ------------ Run | Yrd Mat Min Sub Used RIF Installer . | . . . . Robots Hacked . | . . . . Non-combat . | . . . . Combat . | . . . . Robot Hacks Applied . | . . . . Relay Couplers Released . | . . . . Fabnet Peak Effective % . | . . . . Robots Rewired . | . . . . Allies Hacked . | . . . . Hacks Repelled . | . . . . Allies | -11 -10 -10 -10 -------- Run | Yrd Mat Min Sub Total Allies . | . . . . Largest Group . | . . . . Highest-Rated Group . | . . . . Highest-Rated Ally . | . . . . Total Orders . | . . . . Ally Attacks . | . . . . Total Damage . | . . . . Kills . | . . . . Allies Corrupted . | . . . . Allies Melted . | . . . . Intel | -11 -10 -10 -10 ------- Run | Yrd Mat Min Sub Robot Analysis Total . | . . . . Derelict Logs Recovered 2 | . . . 2 Drone Launches . | . . . . Drone Recoveries . | . . . . Exploration | -11 -10 -10 -10 ------------- Run | Yrd Mat Min Sub Turns Passed 1665 | 98 419 754 394 Spaces Moved 696 | 41 206 258 191 Core 10 | 9 . . 1 Treads . | . . . . Legs 686 | 32 206 258 190 Wheels . | . . . . Hover . | . . . . Flight . | . . . . Fastest Speed 50 | 50 120 120 190 Average Speed 164 | 104 120 188 191 Slowest Speed 450 | 120 120 190 450 Overloaded Moves . | . . . . Propulsion Burnouts . | . . . . Robots Hopped . | . . . . Cave-ins Triggered . | . . . . Exploration Rate (%) 26 | 4 40 47 14 Regions Visited 3 Branch Regions 2 Pre-discovered Areas 1 | . . . 1 Known Exits Taken . | . . . . Unknown Exits Taken 3 | 1 1 1 . Scrap Searched 2 | . . 2 . Spaces Dug . | . . . . Terrain Destroyed 37 | . . 5 32 Melee . | . . . . Projectile . | . . . . AOE 37 | . . 5 32 Terrain Rammed . | . . . . Walls Destroyed . | . . . . Machines Disabled . | . . . . Actions | -11 -10 -10 -10 --------- Run | Yrd Mat Min Sub Total 1091 | 71 358 452 210 Wait 249 | . 128 121 . Move 693 | 40 205 257 191 Hop . | . . . . Pick Up 41 | 11 9 16 5 Fast Attach . | . . . . Attach 17 | 7 . 6 4 Detach . | . . . . Swap 7 | 1 1 3 2 Drop 12 | . 3 6 3 Fire 70 | 12 10 43 5 Melee . | . . . . Ram . | . . . . Kick 2 | . 2 . . Crush . | . . . . Escape Stasis . | . . . . Rewire . | . . . . Trap . | . . . . Miscellaneous . | . . . . Route ------- -11/Scrapyard -10/Materials (discovered 2 exits: [Mat] / [*Min]) -10/Mines -10/Subcaves History --------- Turn | Location | Event 4 | -11/Scrapyard | Discovered new exit (range 15) 99 | -11/Scrapyard | Entered Materials 302 | -10/Materials | Build established: Mutant 362 | -10/Materials | Discovered new exit (range 14) 488 | -10/Materials | Discovered new exit (range 16) 518 | -10/Materials | Entered Mines 639 | -10/Mines | Excavation squad dispatched 639 | -10/Mines | A large section of the Mines collapsed 889 | -10/Mines | Excavation squad dispatched 1034 | -10/Mines | Core integrity fell below 50% 1139 | -10/Mines | Excavation squad dispatched 1167 | -10/Mines | Found a hidden stash of uninstalled traps 1255 | -10/Mines | Discovered new exit (range 10) 1272 | -10/Mines | Entered Subcaves 1275 | -10/Subcaves | Shifting Twisted Machinery released Sub. Laser 1318 | -10/Subcaves | Build established: Scavenger-Mutant 1331 | -10/Subcaves | Learned Materials trap positions 1371 | -10/Subcaves | Ambushed by swarm of Subdwellers 1374 | -10/Subcaves | Ambushed by Subdwellers from Twisted Machinery 1380 | -10/Subcaves | Core integrity fell below 20% 1442 | -10/Subcaves | Lost 4 allies 1459 | -10/Subcaves | Shifting Twisted Machinery released Sub. Beam Cannon 1510 | -10/Subcaves | Lost 4 parts (2n2w) 1666 | -10/Subcaves | Destroyed by 1P-F45(R) with Subdweller Laser Last Messages --------------- LN-0VN(R) destroyed. Acquired 10 matter. Acquired 22 matter. Acquired 30 matter. Acquired 15 matter. Dropped Lgt. Ion Engine. The unstable cave ceiling collapses. Acquired Sub. Power Source. Dropped Lgt. Ion Engine. Acquired Sub. Power Source. Acquired Sub. Machine Gun. The unstable cave ceiling collapses. Acquired Sub. Beam Cannon. Acquired 17 matter. Acquired 29 matter. Acquired 2 matter. Acquired derelict log, extracted data. World map updated: -8/Materials. 77-83S(z): "She is not going to be happy we haven't found any suitable candidates yet." Map ----- +----------------------------------------------------+ | ?????????????????????????????????????????????????? | | ?????????????????????????????????????????????????? | | ?????????????????????????????????????????????????? | | ?????????????????????????????????????????????????? | | ?????????????????????????????????????????????????? | | ?????????????????????????????????????????????????? | | ?????????????????????????????????????????????????? | | ?????????????????????????????????????????????????? | | ?????????????????????????????????????????????????? | | ?????????????????????????????????????????????????? | | ?????????????????????????????????????????????????? | | ?????????????????????????????????????????????????? | | ?????????????????????????????????????????????????? | | ?????????????????????????????????????????????????? | | ?????????????????????????????????????????????????? | | ?????????????????????????????????????????????????? | | ?????????????????????????????????????????????????? | | ?????????????????????????????????????????????????? | | ?????????????????????????????????????????????????? | | ??????????????????????????????#####???####???????? | | ???????????????????????????#### #??## ##??????? | | ??????????????????????????## #??# #??????? | | ??????????????????# ?????## #??## #?#####? | | ????????????????### ???# # ##### ### ## | | ????????????????# ## ## # | | ????????????????# @ | | ?????????????????# ## # # ## | | ?????????????????????# ###### #### | | ????????????????????# ## #???# #??# | | ??????????????????? ??# ??# #?## # | | ?????????????????? ???# ? #?### | | ???????????????? ???? ## #??? | | ??????????????? ????? ??# ### #??? | | ?????????????? ?????## ??## #?# ####??? | | ?????????????< ???????## ???#####?# ##?????? | | ????????????????????????? ????????### #??????? | | ????????????????????????? ??????????## #??????? | | ????????????????????????? R ???????????# ??????? | | ????????????????????????? ??????????? ??????? | | ????????????????????????? #??????????? ??????? | | ????????????????????????? #????????????? ??????? | | ?????????????????????????????????????????????????? | | ?????????????????????????????????????????????????? | | ?????????????????????????????????????????????????? | | ?????????????????????????????????????????????????? | | ?????????????????????????????????????????????????? | | ?????????????????????????????????????????????????? | | ?????????????????????????????????????????????????? | | ?????????????????????????????????????????????????? | | ?????????????????????????????????????????????????? | +----------------------------------------------------+ Best States ------------- Heat Dissipation 25 Energy Generation 15 Energy Capacity 250 Matter Stores 300 Matter Capacity 300 Sight Range 16 Terrain Scan Density 10 Evasion (%) 55 Item Schematics ----------------- None Robot Schematics ------------------ None Fabricated ------------ Nothing Alien Tech Used ----------------- None Achievements -------------- None Challenges ------------ None Game ------ Seed LobotomyBurstArray Manual? 0 Play Time 00:17:19 Cumulative 6.6 hours Start 2024.08.28 @ 03:00:50 End 2024.08.28 @ 03:22:57 Sessions 1 Manual Loads 0 Difficulty Rogue Special Mode None Game No. 13 Rogue 13 Adventurer 0 Explorer 0 Win Type - Total 0 Types 0/0/0/0/0/0/0/0/0 Lore% 4 Gallery% 11 Achievement% 14 Wizard Run 0 Options --------- Layout 1 ASCII 0 Keyboard 0 Movement Arrows Keybinds 0 Fullscreen 1 Font 24/CogTall Map View 50x35 Zoom Use 0% Tactical HUD 0 Map Filters NONE Filters NONE Steam 1 RUN: a2792d8e-3239-473e-b81a-85f4c211a56b